 Dungeon Crawl Stone Soup version 0.31-a0-188-g5e087ee2ca (webtiles) character file.

Game seed: 4930781604620371757

1514 Ijustatesigmund the Stinger (level 8, -3/52 HPs)
             Began as an Octopode Venom Mage on June 23, 2023.
             Was an Initiate of Cheibriados.
             Slain by Grinder (4 damage)
             ... on level 5 of the Dungeon.
             The game lasted 00:18:36 (8194 turns).

Ijustatesigmund the Stinger (Octopode Venom Mage)   Turns: 8194, Time: 00:18:37

Health: -3/52      AC:  5    Str:  8    XL:     8   Next: 83%
Magic:  2/15       EV: 13    Int: 20    God:    Cheibriados [......]
Gold:   128        SH:  0    Dex: 14    Spells: 6/16 levels left

rFire   . . .        d - +0 flail (heavy)
rCold   . . .        (no shield)
rNeg    . . .        (helmet restricted)
rPois   .            i - amulet of regeneration
rElec   .            h - +4 ring of protection
rCorr   .            (no ring)
SInv    .            (no ring)
Will    .....        (no ring)
Stlth   +++          (no ring)
HPRegen 1.08/turn    (no ring)
MPRegen 0.14/turn    (no ring)
                     (no ring)

%: no passive effects
@: very slightly contaminated, very slow
A: almost no armour, amphibious, 8 rings, camouflage 1, gelatinous body 1,
(nimble swimmer 1), tentacles
a: Renounce Religion


You were on level 5 of the Dungeon.
You worshipped Cheibriados.
Cheibriados was noncommittal.
You visited 1 branch of the dungeon, and saw 7 of its levels.

You collected 341 gold pieces.
You spent 213 gold pieces at shops.

Inventory:

Hand Weapons
 c - a +0 hand axe
 d - a +0 heavy flail (weapon)
 g - a +0 morningstar
Jewellery
 h - a +4 ring of protection (left tentacle)
 i - an amulet of regeneration (around mantle)
Wands
 p - a wand of paralysis (6)
Scrolls
 e - a scroll of identify
 l - a scroll of teleportation
Potions
 a - a potion of magic
 b - a potion of mutation
 f - 2 potions of enlightenment
 j - 2 potions of ambrosia
 k - a potion of attraction
 m - 4 potions of heal wounds
 n - a potion of haste {unknown}
 o - a potion of cancellation {unknown}


   Skills:
 - Level 3.0 Fighting
 - Level 2.6 Axes
 - Level 2.0 Dodging
 - Level 2.6 Stealth
 + Level 4.8 Spellcasting
 + Level 4.3 Conjurations
 - Level 1.0 Transmutations
 + Level 4.5 Air Magic
 + Level 7.1 Poison Magic
 + Level 0.4 Invocations


You had 6 spell levels left.
You knew the following spells:

 Your Spells              Type           Power      Damage    Failure   Level
a - Sting                 Tmut/Pois      84%        1d7       2%          1
b - Poisonous Vapours     Pois/Air       56%        N/A       1%          2
c - Mephitic Cloud        Conj/Pois/Air  26%        N/A       4%          3
d - Olgreb's Toxic Radia  Pois           33%        N/A       6%          4

Your spell library contained the following spells:

 Spells                   Type           Power      Damage    Failure   Level


Dungeon Overview and Level Annotations

Branches:
Dungeon (7/15)             Temple (0/1) D:4

Altars:
Cheibriados
Dithmenos
Gozag
Zin

Shops:
D:4 *

Annotations:
D:5 Grinder
D:7 Maggie


Innate Abilities, Weirdness & Mutations

You cannot wear most types of armour.
You are amphibious.
You can wear up to eight rings at the same time.
Your skin changes colour to match your surroundings (Stealth+).
Your rubbery body absorbs attacks. (AC +1, EV +1)
((You are camouflaged when in or above water. (Stealth+)))
You have tentacles for arms and can constrict up to eight enemies at once.


Message History

Aim: a scorpion (moderately wounded, very poisoned) Poisonous vapours surround the scorpion!
The scorpion looks as sick as possible!
Casting: Poisonous Vapours (safe; 1% risk of failure)
Confirm with . or Enter, or press ? or * to list all spells.
Aiming: Poisonous Vapours (safe; 1% risk of failure)
Press: ? - help, Dir - move target, f/p - scorpion
Aim: a scorpion (moderately wounded, extremely poisoned) Poisonous vapours surround the scorpion!
The scorpion looks as sick as possible!
The scorpion misses you.
You thump the scorpion!
You kill the scorpion!
Cheibriados appreciates the change of pace.
You start resting.
Grinder is nearby!
An ogre comes into view. It is wielding a +0 giant club.
A sleepcap comes into view.
The ogre shouts!
You hear a shout!
Casting: Poisonous Vapours (safe; 1% risk of failure)
Confirm with . or Enter, or press ? or * to list all spells.
You miscast Olgreb's Toxic Radiance.
You are very lightly contaminated with residual magic.
Nothing appears to happen.
Casting: Olgreb's Toxic Radiance (dangerous; 6% risk of failure)
Confirm with . or Enter, or press ? or * to list all spells.
You begin to radiate toxic energy.
The ogre is poisoned.
The ogre barely misses you.
The ogre looks even sicker.
The ogre misses you.
You sock the ogre! You squeeze the ogre.
The ogre is severely wounded.
Your toxic aura wanes.
The sleepcap releases spores at you.
You are engulfed in a cloud of soporific spores!
You fall asleep.
The ogre hits you with a +0 giant club!!!
You wake up.
Ouch! That really hurt!
* * * LOW HITPOINT WARNING * * *
Grinder hits you.
You die...

....# ....# .. ..##.#
....# #.###...#.#.
...## ........... ..##
######.......... ###
#...............
#######...≈.#........#
............##.$...#..
.......5.._.#.@f....#
.(..........#5O.....#
..........≈...........
)...$.......##.....###
...$......#####...##
#######.### #### #...#
##.#.#
#.P..###############+#


You could see Grinder, an ogre (very poisoned) and a sleepcap.

Vanquished Creatures
  An unseen horror (D:6)
  A steam dragon (D:7)
  A water moccasin (D:6)
  Duvessa (D:4)
  A black bear (D:4)
  2 bullfrogs (D:7)
  3 scorpions
  Dowan (D:4)
  5 jellies
  A hound (D:6)
  2 sleepcaps
  3 iguanas
  An orc wizard (D:6)
  4 adders
  An ufetubus (D:7)
  A worm (D:2)
  2 dart slugs
  5 orcs
  15 endoplasms
  4 goblins
  7 hobgoblins
  13 jackals
  19 kobolds
  5 quokkas
  8 ball pythons
  4 bats
  4 frilled lizards
  7 rats
122 creatures vanquished.

Notes
Turn   | Place    | Note
-------+----------+-------------------------------------------
     0 | D:1      | Ijustatesigmund the Octopode Venom Mage began the quest for
                  | the Orb.
     0 | D:1      | Reached XP level 1. HP: 11/11 MP: 3/3
   325 | D:1      | Reached XP level 2. HP: 18/18 MP: 3/5
   328 | D:1      | Learned a level 2 spell: Poisonous Vapours
   620 | D:1      | Reached skill level 1 in Fighting
   808 | D:1      | Reached skill level 4 in Poison Magic
   903 | D:1      | Reached XP level 3. HP: 20/23 MP: 0/6
   907 | D:1      | Learned a level 3 spell: Mephitic Cloud
  1935 | D:2      | Reached skill level 1 in Air Magic
  2520 | D:2      | Reached XP level 4. HP: 22/28 MP: 1/8
  3362 | D:2      | HP: 1/28 [acid (6)]
  3364 | D:2      | Reached skill level 1 in Conjurations
  4003 | D:3      | Reached XP level 5. HP: 33/33 MP: 4/9
  4151 | D:3      | Found a snail-covered altar of Cheibriados.
  4511 | D:4      | Noticed a phantom
  4511 | D:4      | Found Harrulap's Assorted Antiques.
  4855 | D:2      | Reached skill level 1 in Axes
  4901 | D:2      | Reached XP level 6. HP: 21/40 MP: 7/10
  5146 | D:4      | You fall into a shaft and drop 3 floors!
  5193 | D:7      | Learned a level 4 spell: Olgreb's Toxic Radiance
  5398 | D:7      | Noticed Maggie
  5449 | D:7      | Noticed a manticore
  5451 | D:7      | Noticed a water moccasin
  5478 | D:7      | Reached skill level 5 in Poison Magic
  5638 | D:7      | Found a glowing silver altar of Zin.
  5695 | D:7      | Noticed a steam dragon
  5714 | D:7      | Killed a steam dragon
  5715 | D:7      | Reached XP level 7. HP: 46/46 MP: 1/12
  6269 | D:6      | Killed an unseen horror
  6270 | D:6      | Reached skill level 6 in Poison Magic
  6270 | D:6      | Reached XP level 8. HP: 52/52 MP: 10/14
  6371 | D:5      | Entered Level 5 of the Dungeon
  6371 | D:5      | Noticed Grinder
  6583 | D:5      | Paralysed by Grinder for 3 turns
  7409 | D:4      | Noticed Duvessa
  7423 | D:4      | Killed Duvessa
  7440 | D:4      | Noticed Dowan
  7449 | D:4      | Killed Dowan
  7450 | D:4      | Reached skill level 7 in Poison Magic
  7669 | D:4      | Identified the +1 ring mail "Zoosom" {rElec Will+ Str+4
                  | Stlth-}
  7827 | D:4      | Bought a bubbling coppery potion for 21 gold pieces
  7827 | D:4      | Bought a twisted iron wand for 96 gold pieces
  7831 | D:4      | Bought a scroll of identify for 48 gold pieces
  7831 | D:4      | Bought a scroll of identify for 48 gold pieces
  7837 | D:4      | Found an opulent altar of Gozag.
  7921 | D:4      | Found a staircase to the Ecumenical Temple.
  8113 | D:3      | Became a worshipper of Cheibriados the Contemplative
  8169 | D:5      | Found a shadowy altar of Dithmenos.
  8194 | D:5      | HP: 1/52 [ogre/+0 giant club (47)]
  8194 | D:5      | Slain by Grinder

Illustrated notes

Levels and vault maps discovered:
D:1:      tarquinn_simple_flora_water_c, layout_basic, hangedman_feature_mirror
D:2:      cheibrodos_fertilizer, layout_loops_ring
D:3:      layout_basic, cheibriados_altar_1, serial_bayou_pond_e,
          kennysheep_generic_room_11
D:4:      layout_loops_ring, mainiacjoe_overflow_catwalk, temple_doors_cd,
          serial_shops, shop, uniq_duvessa
D:5:      minmay_clustersquares, layout_rooms,
          mainiacjoe_overflow_large_starburst, mainiacjoe_overflow_tiny_flanked,
          nicolae_overflow_hidden_temple, gammafunk_ghost_stat_death,
          serial_bayou_pond_a, uniq_grinder
D:6:      layout_cave_pools
D:7:      layout_basic, mainiacjoe_overflow_alcove_4, nrook_uturn,
          minmay_manual_mullet, uniq_maggie

Skill      XL: |  1  2  3  4  5  6  7  8 |
---------------+-------------------------+-----
Fighting       | 1 2 3 |  3.0
Poison Magic   | 4 5 6 7 |  7.1
Air Magic      | 1 2 3 4 |  4.5
Conjurations   | 1 2 3 4 |  4.3
Spellcasting   | 3 4 |  4.8
Axes           | 1 2 |  2.6
Dodging        | |  2.0
Stealth        | |  2.6
Transmutations | |  1.0
Invocations    | |  0.4

Action                     |  1- 3 |  4- 6 |  7- 9 || total
---------------------------+-------+-------+-------++-------
  Melee: Short sword       |    56 |       |       ||    56
         Tentacles         |    12 |    28 |    12 ||    52
         Constrict         |    14 |    16 |    12 ||    42
         Punch             |     1 |     1 |       ||     2
         Hand axe          |       |   106 |       ||   106
         Flail             |       |       |    57 ||    57
   Cast: Sting             |    10 |    19 |     6 ||    35
         Poisonous Vapours |    36 |    24 |    37 ||    97
         Mephitic Cloud    |       |     4 |     3 ||     7
         Olgreb's Toxic Ra |       |     1 |     5 ||     6
    Use: Scroll            |       |     9 |     4 ||    13
         Potion            |       |     1 |     3 ||     4
   Stab: Sleeping          |     3 |     3 |       ||     6
         Confused          |       |     2 |       ||     2
 Armour: Skin              |     9 |    23 |    55 ||    87
  Dodge: Dodged            |    28 |    73 |    62 ||   163

Table legend: (Time is in decaauts)
 A = Elapsed time spent in this place.
 B = Non-inter-level travel time spent in this place.
 C = Inter-level travel time spent in this place.
 D = Time resting spent in this place.
 E = Time spent auto-exploring this place.
 F = Levels seen in this place.
 G = Mean time per level.
                   A        B        C        D        E       F      G
               +--------+--------+--------+--------+--------+-----+--------+
         Total |   8307 |   7893 |    414 |   2755 |   3833 |   7 | 1186.7 |
       Dungeon |   8307 |   7893 |    414 |   2755 |   3833 |   7 | 1186.7 |
               +--------+--------+--------+--------+--------+-----+--------+

Top non-repeatable levels by time:
     D:2: 2445 daAuts
     D:4: 1334 daAuts
     D:1: 1286 daAuts
     D:3: 1116 daAuts
     D:6: 799 daAuts
     D:7: 764 daAuts
     D:5: 560 daAuts
